 Dungeon Crawl Stone Soup version 0.32-a0-43-g058985b245 (webtiles) character file.

Game seed: 18216113742620799802

11 Atlas the Firebug (level 2, -1/19 HPs)
             Began as a Demonspawn Fire Elementalist on Feb 4, 2024.
             Slain by a rat (2 damage)
             ... on level 1 of the Dungeon.
             The game lasted 00:00:50 (873 turns).

Atlas the Firebug (Demonspawn Fire Elementalist)     Turns: 873, Time: 00:00:50

Health: -1/19      AC:  2    Str:  8    XL:     2   Next: 17%
Magic:  5/5        EV: 12    Int: 15    God:
Gold:   53         SH:  0    Dex: 13    Spells: 4/5 levels left

rFire   . . .        (no weapon)
rCold   . . .        (no shield)
rNeg    . . .        a - +0 robe
rPois   .            (no helmet)
rElec   .            (no cloak)
rCorr   .            (no gloves)
SInv    .            (no boots)
Will    .....        (no amulet)
Stlth   ++           (no ring)
HPRegen 0.23/turn    (no ring)
MPRegen 0.09/turn

%: no passive effects
@: no status effects
A: demonic guardian 1
a: no special abilities


You were on level 1 of the Dungeon.
You visited 1 branch of the dungeon, and saw 1 of its levels.

You collected 53 gold pieces.

Inventory:

Armour
 a - a +0 robe (worn)
Scrolls
 d - 2 scrolls of identify {unknown}
Potions
 b - a potion of magic
 c - a potion of brilliance {unknown}
 e - a potion of resistance {unknown}
 f - a potion of heal wounds {unknown}


   Skills:
 + Level 1.7 Dodging
 + Level 1.9 Stealth
 + Level 2.2 Spellcasting
 + Level 1.0 Conjurations
 + Level 3.1 Fire Magic


You had 4 spell levels left.
You knew the following spells:

 Your Spells              Type           Power      Damage    Failure   Level
a - Foxfire               Conj/Fire      28%        2x1d5     10%         1

Your spell library contained the following spells:

 Spells                   Type           Power      Damage    Failure   Level
 Scorch                   Fire           22%        2d5       9%          2
 Inner Flame              Hex/Fire       6%         N/A       34%         3
 Volatile Blastmotes      Fire/Tloc      12%        2d11      34%         3
 Flame Wave               Conj/Fire      7%         2d5       67%         4


Dungeon Overview and Level Annotations

Branches:
Dungeon (1/15)

Altars:


Innate Abilities, Weirdness & Mutations

A weak demonic guardian rushes to your aid.


Message History

Key pressed, stopping explore.
You conjure some foxfire!
Your foxfire dissipates! x2
Found a robe.
Found a stone staircase leading down.
As you open the door, it creaks loudly!
There is a stone staircase leading down here.
A goblin comes into view. It is wielding a +0 club.
A goblin is nearby!
A goblin is nearby!
A goblin is nearby!
The goblin completely misses you.
Found 4 gold pieces.
The goblin attacks as it pursues you! The goblin hits you with a +0 club.
A rat comes into view.
The rat squeaks loudly.
You hear an angry hiss.
A ball python comes into view.
You see here 4 gold pieces.
The goblin closely misses you. The rat barely misses you.
The goblin hits you with a +0 club. The rat bites you but does no damage.
The goblin hits you with a +0 club. The rat closely misses you.
The goblin closely misses you. The rat misses you.
The goblin hits you with a +0 club. The rat closely misses you.
The goblin hits you with a +0 club. The rat barely misses you.
The goblin hits you with a +0 club. The rat bites you but does no damage.
The goblin closely misses you. The rat misses you.
The goblin barely misses you. The rat bites you. The goblin closely misses you.
The rat barely misses you. The goblin hits you with a +0 club.
* * * LOW HITPOINT WARNING * * *
The rat bites you.
* * * LOW HITPOINT WARNING * * *
The goblin hits you but does no damage. The rat bites you.
* * * LOW HITPOINT WARNING * * *
A demonic guardian appears!
The goblin hits you with a +0 club.
* * * LOW HITPOINT WARNING * * *
The rat misses you.
Your iron imp hits the ball python.
The rat bites you.
You die...

##### ###. #...# ...
# ###....
..#.###...# ... .#
....... ..#.......#
#.# #.# #....
..#.......# #.#...
#....
..#.......######.#.#
###....
..#........... .S5.
#......
..##......######r#
#.#....
.>.............g@# .
#....
..################
#.... '#..... #....
.....## #.......
.....# #.##....
.....# # #####
.....# .....# .###.#


You could see a goblin, a ball python (ally target), a rat and a friendly iron
imp (summoned).

Vanquished Creatures
  A dart slug (D:1)
  2 goblins (D:1)
  A kobold (D:1)
  A quokka (D:1)
  A bat (D:1)
  2 frilled lizards (D:1)
  A rat (D:1)
9 creatures vanquished.

Vanquished Creatures (collateral kills)
  A ball python (D:1)
1 creature vanquished.

Vanquished Creatures (others)
  26 foxfires (D:1)
26 creatures vanquished.

Grand Total: 36 creatures vanquished

Notes
Turn   | Place    | Note
-------+----------+-------------------------------------------
     0 | D:1      | Atlas the Demonspawn Fire Elementalist began the quest for
                  | the Orb.
     0 | D:1      | Reached XP level 1. HP: 13/13 MP: 3/3
   524 | D:1      | Reached skill level 3 in Fire Magic
   592 | D:1      | Gained mutation: A weak demonic guardian rushes to your
                  | aid. [demonic ancestry]
   592 | D:1      | Reached XP level 2. HP: 13/19 MP: 0/5
   873 | D:1      | Slain by a rat

Illustrated notes

Levels and vault maps discovered:
D:1:      lightli_arrival_statue_moat, layout_basic, minmay_liquid_box

Skill      XL: |  1 |
---------------+----+-----
Fire Magic     | 3 |  3.1
Dodging        | |  1.7
Stealth        | |  1.9
Spellcasting   | |  2.2
Conjurations   | |  1.0

Action                     || total
---------------------------++-------
  Melee: Unarmed           ||    15
   Cast: Foxfire           ||    20
 Armour: Robe              ||    27
  Dodge: Dodged            ||    45

Table legend: (Time is in decaauts)
 A = Elapsed time spent in this place.
 B = Non-inter-level travel time spent in this place.
 C = Inter-level travel time spent in this place.
 D = Time resting spent in this place.
 E = Time spent auto-exploring this place.
 F = Levels seen in this place.
 G = Mean time per level.
                   A        B        C        D        E       F      G
               +--------+--------+--------+--------+--------+-----+--------+
         Total |    873 |    873 |      0 |      0 |    659 |   1 |  873.0 |
       Dungeon |    873 |    873 |      0 |      0 |    659 |   1 |  873.0 |
               +--------+--------+--------+--------+--------+-----+--------+

Top non-repeatable levels by time:
     D:1: 873 daAuts
